 Dungeon Crawl Stone Soup version 0.29-a0-275-g389c0b56f3 (webtiles) character file.

Game seed: 1172656242639973315

107 mopl the Twirler (level 4, -1/36 HPs)
             Began as a Palentonga Gladiator on Mar 10, 2022.
             Slain by an iguana (3 damage)
             ... on level 4 of the Dungeon.
             The game lasted 00:02:38 (2417 turns).

mopl the Twirler (Palentonga Gladiator)             Turns: 2417, Time: 00:02:38

Health: -1/36      AC:  9    Str: 19    XL:     4   Next: 56%
Magic:  3/4        EV:  4    Int:  8    God:
Gold:   128        SH:  0    Dex: 12    Spells: 3/3 levels left

rFire   . . .      SeeInvis +   a - +0 quarterstaff
rCold   . . .      Faith    .   (shield currently unavailable)
rNeg    . . .      Spirit   .   k - +0 plate armour
rPois   .          Reflect  .   c - +0 helmet
rElec   .          Harm     .   (no cloak)
rCorr   .          Rampage  .   (no gloves)
Will    .....                   (no barding)
Stlth   ..........              (no amulet)
HPRegen 0.12/turn               (no ring)
MPRegen 0.09/turn               (no ring)

@: no status effects
A: large, rugged brown scales 3, see invisible, deformed body, roll 1, armoured
tail
a: Rolling Charge


You were on level 4 of the Dungeon.
You visited 1 branch of the dungeon, and saw 4 of its levels.

You collected 128 gold pieces.

Inventory:

Hand Weapons
 a - a +0 quarterstaff (weapon)
Missiles
 d - 2 throwing nets
 e - a javelin
 p - 3 poisoned darts (quivered)
 q - 3 boomerangs
Armour
 c - a +0 helmet (worn)
 k - a +0 plate armour (worn)
Scrolls
 b - 3 scrolls of teleportation {unknown}
 f - a scroll of magic mapping {unknown}
 h - a scroll of fear {unknown}
 i - a scroll of immolation {unknown}
 l - a scroll of fog {unknown}
 m - a scroll of identify {unknown}
Potions
 g - 2 potions of haste {unknown}
 j - a potion of invisibility {unknown}
 n - a potion of heal wounds {unknown}
 o - a potion of curing {unknown}


   Skills:
 + Level 2.6 Fighting
 * Level 3.9 Staves
 + Level 1.9 Throwing
 + Level 1.1 Armour
 + Level 2.9 Dodging


You had 3 spell levels left.
You didn't know any spells.
Your spell library was empty.

Dungeon Overview and Level Annotations

Branches:
Dungeon (4/15)
 Temple: D:4-7

Altars:

Shops:
D:1 !   D:3 (


Innate Abilities, Weirdness & Mutations

You are completely covered in rugged brown scales. (AC +3, +7% HP)
You have supernaturally acute eyesight. (SInv)
Armour fits poorly on your strangely shaped body.
You can roll at nearby foes to attack.
You have a long armoured tail.


Message History

You are too injured to fight recklessly!
You are too injured to fight recklessly!
You are too injured to fight recklessly!
You are too injured to fight recklessly!
You are too injured to fight recklessly!
You are too injured to fight recklessly!
You are too injured to fight recklessly!
You are too injured to fight recklessly!
You barely miss the goblin. The goblin hits you but does no damage.
The iguana hisses menacingly.
You barely miss the goblin.
The goblin hits you with a +2 antimagic dagger.
You feel your power leaking away.
You thump the goblin!
You kill the goblin!
You closely miss the goblin.
Your tail-slap misses the goblin.
The goblin hits you but does no damage.
You sock the goblin!
You kill the goblin!
You hit the iguana.
The iguana is moderately wounded.
The iguana bites you.
You hit the iguana.
The iguana is moderately wounded.
The iguana bites you but does no damage.
You barely miss the iguana.
The iguana is moderately wounded.
The iguana barely misses you.
You closely miss the iguana.
The iguana is moderately wounded.
The iguana bites you but does no damage.
You hit the iguana but do no damage.
The iguana is moderately wounded.
The iguana bites you but does no damage.
The iguana bites you!
* * * LOW HITPOINT WARNING * * *
You barely miss the iguana.
The iguana is moderately wounded.
The iguana bites you.
You die...

#####.#
#@....#
......l####.#
.......
####... #.#.
#.#. . .. #.
#.


You could see an iguana.

Vanquished Creatures
  Terence (D:3)
  An adder (D:3)
  A dart slug (D:1)
  9 orcs (D:3)
  4 ball pythons
  5 bats
  5 endoplasms
  4 giant cockroaches
  6 goblins
  4 hobgoblins
  4 jackals (D:1)
  A quokka (D:2)
  4 frilled lizards
  2 kobolds (D:1)
  4 rats
55 creatures vanquished.

Notes
Turn   | Place    | Note
-------+----------+-------------------------------------------
     0 | D:1      | mopl the Palentonga Gladiator began the quest for the Orb.
     0 | D:1      | Reached XP level 1. HP: 17/17 MP: 1/1
    56 | D:1      | Reached XP level 2. HP: 12/23 MP: 2/2
   531 | D:1      | Found Cotub's Distillery.
   667 | D:1      | Found a faded altar of an unknown god.
   824 | D:1      | Reached XP level 3. HP: 24/28 MP: 3/3
  1666 | D:3      | Identified the +3 ring mail "Riblaeg" {+Blink rElec rC-
                  | Regen+}
  1695 | D:3      | HP: 1/29 [orc/+0 dagger of electrocution (10)]
  1698 | D:3      | Reached skill level 1 in Armour
  1698 | D:3      | Reached XP level 4. HP: 2/36 MP: 4/4
  2043 | D:3      | Found Fasetal's Weapon Shoppe.
  2088 | D:3      | Noticed Terence
  2111 | D:3      | Killed Terence
  2416 | D:4      | HP: 1/36 [iguana (10)]
  2417 | D:4      | Slain by an iguana

Illustrated notes

Levels and vault maps discovered:
D:1:      amcnicky_arrival_feature_with_door, layout_basic,
          ebering_ecumenical_altar_petrified, serial_shops,
          nicolae_shop_hallway_stairs
D:2:      layout_basic
D:3:      layout_basic, serial_shops, shop, uniq_terence, uniq_natasha
D:4:      layout_basic, kiku_gazebo_garden_becter

Skill      XL: |  1  2  3 |
---------------+----------+-----
Armour         | 1 |  1.1
Fighting       | |  2.6
Staves         | |  3.9
Throwing       | |  1.9
Dodging        | |  2.9

Action                   |  1- 3 |  4- 6 || total
-------------------------+-------+-------++-------
Melee: Quarterstaff      |   111 |    37 ||   148
       Tailslap          |    10 |     4 ||    14
Throw: Dart              |       |     3 ||     3
       Throwing net      |       |     2 ||     2
 Abil: Rolling Charge    |     1 |       ||     1
 Stab: Sleeping          |     1 |       ||     1
Armor: Leather armour    |    24 |       ||    24
       Plate armour      |    53 |    18 ||    71
Dodge: Dodged            |    38 |     5 ||    43

Table legend: (Time is in decaauts)
 A = Elapsed time spent in this place.
 B = Non-inter-level travel time spent in this place.
 C = Inter-level travel time spent in this place.
 D = Time resting spent in this place.
 E = Time spent auto-exploring this place.
 F = Levels seen in this place.
 G = Mean time per level.
                   A        B        C        D        E       F      G
               +--------+--------+--------+--------+--------+-----+--------+
         Total |   2434 |   2397 |     37 |    815 |   1165 |   4 |  608.5 |
       Dungeon |   2434 |   2397 |     37 |    815 |   1165 |   4 |  608.5 |
               +--------+--------+--------+--------+--------+-----+--------+

Top non-repeatable levels by time:
     D:1: 1053 daAuts
     D:3: 836 daAuts
     D:2: 533 daAuts
     D:4: 11 daAuts
